 Dungeon Crawl Stone Soup version 0.29-a0-998-g1987434951 (webtiles) character file.

Game seed: 13303700927880393461

35 BritishOli the Ducker (level 3, -5/28 HPs)
             Began as a Demonspawn Gladiator on Aug 5, 2022.
             Killed from afar by a white imp (9 damage)
             ... with a puff of frost
             ... summoned by Natasha
             ... on level 2 of the Dungeon.
             The game lasted 00:01:24 (1352 turns).

BritishOli the Ducker (Demonspawn Gladiator)        Turns: 1352, Time: 00:01:26

Health: -5/28      AC:  3    Str: 16    XL:     3   Next: 17%
Magic:  3/3        EV: 12    Int:  9    God:
Gold:   115        SH:  0    Dex: 14    Spells: 2/2 levels left

rFire   . . .      SeeInvis .   a - +0 long sword
rCold   . . .      Faith    .   (no shield)
rNeg    . . .      Spirit   .   b - +0 leather armour
rPois   .          Reflect  .   (helmet restricted)
rElec   .          Harm     .   (no cloak)
rCorr   .          Rampage  .   (no gloves)
Will    .....                   (no boots)
Stlth   +.........              (no amulet)
HPRegen 0.09/turn               (no ring)
MPRegen 0.08/turn               (no ring)

@: no status effects
A: antennae 2
a: no special abilities


You were on level 2 of the Dungeon.
You visited 1 branch of the dungeon, and saw 2 of its levels.

You collected 115 gold pieces.

Inventory:

Hand Weapons
 a - a +0 long sword (weapon)
Missiles
 d - 3 throwing nets (quivered)
 e - a javelin
Armour
 b - a +0 leather armour (worn)
 c - a +0 helmet
Jewellery
 l - an amulet of reflection
Scrolls
 f - 2 scrolls of magic mapping {unknown}
 n - a scroll of teleportation {unknown}
Potions
 g - 2 potions of degeneration {unknown}
 h - 2 potions of heal wounds {unknown}
 i - a potion of cancellation {unknown}
 j - 2 potions of haste {unknown}
 k - 2 potions of flight {unknown}
 m - a potion of curing {unknown}


   Skills:
 + Level 2.4 Fighting
 + Level 3.0 Long Blades
 + Level 2.2 Throwing
 + Level 3.0 Dodging


You had 2 spell levels left.
You didn't know any spells.
Your spell library was empty.

Dungeon Overview and Level Annotations

Branches:
Dungeon (2/15)

Altars:

Annotations:
D:2 Natasha


Innate Abilities, Weirdness & Mutations

You have a pair of antennae on your head.


Message History

The white imp laughs crazily.
The dart slug barely misses you.
There are monsters nearby!
You hit the dart slug.
The dart slug is heavily wounded.
Natasha mumbles some strange words.
You slash the dart slug!
You kill the dart slug!
Found 12 gold pieces.
The white imp hits you. The white imp freezes you.
You hit the white imp.
The white imp is moderately wounded.
The white imp completely misses you.
You closely miss the white imp.
The white imp is moderately wounded.
The white imp hits you but does no damage.
The crimson imp blinks!
The white imp barely misses you.
You hit the white imp.
The white imp is severely wounded.
The white imp hits you but does no damage.
The crimson imp grinds its teeth.
The white imp attacks as you move away! The white imp misses you.
The white imp attacks as you move away! The white imp hits you.
The white imp freezes you. The white imp attacks as you move away!
The white imp hits you. The white imp freezes you.
The white imp gestures at you. The puff of frost hits you.
* * * LOW HITPOINT WARNING * * *
The crimson imp barely misses you.
You slash Natasha!
Natasha is severely wounded.
Natasha closely misses you. The crimson imp hits you.
* * * LOW HITPOINT WARNING * * *
You hit Natasha.
Natasha is almost dead.
Natasha claws you.
* * * LOW HITPOINT WARNING * * *
The white imp gestures at you. The puff of frost hits you!
You die...

#..#
#..#
#.†#
####..#
#.....#
#5##.##
#.##.#
#.#5h#
#55@.#
#.#.##
...#.#
#####.#
#$# #.#
#.# #.#


You could see Natasha, a crimson imp (summoned) and 2 white imps.

Vanquished Creatures
  3 dart slugs
  2 bats
  3 endoplasms (D:1)
  A giant cockroach (D:2)
  3 hobgoblins (D:1)
  2 kobolds (D:1)
  A quokka (D:1)
  4 ball pythons
  2 frilled lizards (D:1)
  5 goblins (D:1)
  2 rats (D:1)
28 creatures vanquished.

Notes
Turn   | Place    | Note
-------+----------+-------------------------------------------
     0 | D:1      | BritishOli the Demonspawn Gladiator began the quest for the
                  | Orb.
     0 | D:1      | Reached XP level 1. HP: 16/16 MP: 1/1
   297 | D:1      | Discovered your monstrous ancestry.
   297 | D:1      | Gained mutation: You have a pair of small antennae on your
                  | head. [demonic ancestry]
   297 | D:1      | Reached XP level 2. HP: 22/22 MP: 2/2
  1252 | D:2      | Found a faded altar of an unknown god.
  1275 | D:2      | Gained mutation: You have a pair of antennae on your head.
                  | [demonic ancestry]
  1275 | D:2      | Reached XP level 3. HP: 28/28 MP: 3/3
  1336 | D:2      | Noticed Natasha
  1352 | D:2      | Killed from afar by a white imp

Illustrated notes

Levels and vault maps discovered:
D:1:      dpeg_arrival_court, layout_basic, hangedman_feature_mirror,
          minmay_cupped
D:2:      layout_loops_ring, nicolae_ecumenical_lake_church, uniq_natasha,
          uniq_jessica

Skill      XL: |  1  2 |
---------------+-------+-----
Throwing       | 2 |  2.2
Long Blades    | 3 |  3.0
Dodging        | 3 |  3.0
Fighting       | |  2.4

Action                   || total
-------------------------++-------
Melee: Long sword        ||    83
       Punch             ||     1
 Stab: Sleeping          ||     1
Armor: Leather armour    ||    26
Dodge: Dodged            ||    56

Table legend: (Time is in decaauts)
 A = Elapsed time spent in this place.
 B = Non-inter-level travel time spent in this place.
 C = Inter-level travel time spent in this place.
 D = Time resting spent in this place.
 E = Time spent auto-exploring this place.
 F = Levels seen in this place.
 G = Mean time per level.
                   A        B        C        D        E       F      G
               +--------+--------+--------+--------+--------+-----+--------+
         Total |   1372 |   1323 |     49 |      0 |   1091 |   2 |  686.0 |
       Dungeon |   1372 |   1323 |     49 |      0 |   1091 |   2 |  686.0 |
               +--------+--------+--------+--------+--------+-----+--------+

Top non-repeatable levels by time:
     D:1: 1197 daAuts
     D:2: 174 daAuts
